 Dungeon Crawl Stone Soup version 0.22.1-1-ga44c0e56f4 (webtiles) character file.

32 Knicklaso the Magician (level 3, -5/25 HPs)
             Began as a Demonspawn Wizard on Sept 26, 2018.
             Slain by a worker ant zombie (6 damage)
             ... on level 2 of the Dungeon.
             The game lasted 00:03:32 (1160 turns).

Knicklaso the Magician (Demonspawn Wizard)          Turns: 1160, Time: 00:03:32

Health: -5/25      AC:  2    Str:  7    XL:     3   Next: 8%
Magic:  7/7        EV: 12    Int: 20    God:
Gold:   33         SH:  0    Dex: 11    Spells: 7/8 levels left

rFire    . . .     SeeInvis .   (no weapon)
rCold    . . .     Gourm    .   (no shield)
rNeg     . . .     Faith    .   a - +0 robe
rPois    .         Spirit   .   b - +0 hat
rElec    .         Reflect  .   (no cloak)
rCorr    .         Harm     .   (no gloves)
MR       .....                  (no boots)
Stlth    +.........             (no amulet)
HPRegen  0.08/turn              (no ring)
MPRegen  0.10/turn              (no ring)

@: no status effects
A: claws 1, hooves 1
a: no special abilities


You were on level 2 of the Dungeon.
You were hungry.

You visited 1 branch of the dungeon, and saw 2 of its levels.

You collected 33 gold pieces.

Inventory:

Armour
 a - a +0 robe (worn)
 b - a +0 hat (worn)
Jewellery
 h - an uncursed ring of protection from magic {unknown}
 l - an uncursed ring of protection from cold {unknown}
Scrolls
 c - a scroll of remove curse {unknown}
 e - a scroll of identify {unknown}
 j - a scroll of enchant weapon {unknown}
Potions
 f - a potion of cancellation {unknown}
 g - a potion of berserk rage {unknown}
 i - a potion of curing {unknown}
 k - 3 potions of heal wounds {unknown}
 m - a potion of ambrosia {unknown}
Comestibles
 d - 6 rations


   Skills:
 + Level 0.7 Fighting
 - Level 1.7 Dodging
 - Level 1.7 Stealth
 + Level 0.7 Unarmed Combat
 + Level 3.3 Spellcasting
 + Level 2.1 Conjurations
   Level 1.0 Summonings
   Level 0.8 Translocations


You had 7 spell levels left.
You knew the following spells:

 Your Spells              Type           Power        Failure   Level  Hunger
a - Magic Dart            Conj           ##..         6%          1    None

Your spell library contained the following spells:

 Spells                   Type           Power        Failure   Level  Hunger
 Blink                    Tloc           N/A          14%         2    ##.....
 Call Imp                 Summ           #.......     14%         2    ##.....
 Slow                     Hex            #.......     22%         2    ##.....
 Conjure Flame            Conj/Fire      #.......     26%         3    ###....
 Mephitic Cloud           Conj/Pois/Air  #.......     30%         3    ###....


Dungeon Overview and Level Annotations

Branches:
Dungeon (2/15)

Altars:


Innate Abilities, Weirdness & Mutations

You have sharp fingernails.
You have large cloven feet.


Message History

The worker ant zombie barely misses you.
The kobold hits you with a short sword.
* * * LOW HITPOINT WARNING * * *
You scratch the kobold.
You kill the kobold!
The bat hits you but does no damage. The worker ant zombie bites you.
* * * LOW HITPOINT WARNING * * *
The bat barely misses you.
You barely miss the bat. You kick the bat.
The bat is severely wounded.
The bat hits you but does no damage. The worker ant zombie bites you.
* * * LOW HITPOINT WARNING * * *
You scratch the bat but do no damage.
The bat is severely wounded.
The bat barely misses you. The bat misses you.
The worker ant zombie barely misses you.
You barely miss the bat. Your kick misses the bat.
The bat is severely wounded.
The bat barely misses you. The worker ant zombie bites you.
You die...

...# ♣..♣ #. ⌠≈..≈.. #..#
#..# #. ≈⌠.≈... #..# #.## #.
≈.g≈..≈ #..# #..######.
..≈.b≈w #..#####.........
..≈..≈. ####...........####.
...≈≈..##...g............##.
.......#.###b#####.........#
........rwZ@.# ##......♣.♣
....####g##### #<.......#..
# #$# #.###.##.♣.. ..# #.
#.##.#.. #### # #.##.♣(♣
#.##.#.# #.##.#.# #.#.. ###


You could see a worm, a worker ant zombie, a hobgoblin, a goblin, a bat and a
rat.

Vanquished Creatures
  An adder (D:2)
  A dart slug (D:1)
  A leopard gecko (D:2)
  A giant cockroach (D:1)
  5 goblins
  2 hobgoblins
  3 bats
  3 kobolds
  2 rats (D:1)
19 creatures vanquished.

Notes
Turn   | Place    | Note
-------+----------+-------------------------------------------
     0 | D:1      | Knicklaso the Demonspawn Wizard began the quest for the
                  | Orb.
     0 | D:1      | Reached XP level 1. HP: 13/13 MP: 4/4
   298 | D:1      | Gained mutation: You have large cloven feet. [demonic
                  | ancestry]
   298 | D:1      | Reached XP level 2. HP: 19/19 MP: 0/6
  1071 | D:2      | Gained mutation: You have sharp fingernails. [demonic
                  | ancestry]
  1071 | D:2      | Reached XP level 3. HP: 25/25 MP: 1/7
  1158 | D:2      | HP: 1/25 [worker ant zombie (3)]
  1160 | D:2      | Slain by a worker ant zombie

Skill      XL: |  1  2 |
---------------+-------+-----
Conjurations   | 2 |  2.1
Fighting       | |  0.7
Dodging        | |  1.7
Stealth        | |  1.7
Unarmed Combat | |  0.7
Spellcasting   | |  3.3
Summonings     | |  1.0
Translocations | |  0.8

Action                   || total
-------------------------++-------
Melee: Short sword       ||     2
       Unarmed           ||    42
       Kick              ||     9
 Cast: Magic Dart        ||    41
 Stab: Sleeping          ||     1
Armor: Robe              ||    19
Dodge: Dodged            ||    51
